 Dungeon Crawl Stone Soup version 0.30.1-4-g462c640d31 (webtiles) character file.

Game seed: 12824518006280236975

485 Peloso the Trooper (level 6, -3/49 HPs)
             Began as a Demonspawn Fighter on Sept 8, 2023.
             Slain by Blork the orc
             ... wielding a +0 dire flail
              (8 damage)
             ... on level 4 of the Dungeon.
             The game lasted 00:07:14 (4357 turns).

Peloso the Trooper (Demonspawn Fighter)             Turns: 4357, Time: 00:07:15

Health: -3/49      AC: 13    Str: 19    XL:     6   Next: 88%
Magic:  6/6        EV:  2    Int:  9    God:
Gold:   325        SH: 12    Dex: 12    Spells: 5/5 levels left

rFire   . . .        a - +0 long sword (freeze)
rCold   . . .        d - +0 tower shield of the Morning Star {rN++}
rNeg    + + .        c - +0 plate armour
rPois   .            (helmet restricted)
rElec   .            (no cloak)
rCorr   .            (no gloves)
SInv    .            (no boots)
Will    .....        (no amulet) Stlth
                     g - ring of flight
HPRegen 0.28/turn    (no ring)
MPRegen 0.10/turn

%: no passive effects
@: flying
A: antennae 1, thin metallic scales 1, demonic guardian 1, demonic magic 1
a: no special abilities


You were on level 4 of the Dungeon.
You visited 1 branch of the dungeon, and saw 5 of its levels.

You collected 325 gold pieces.

Inventory:

Hand Weapons
 a - a +0 long sword of freezing (weapon)
Armour
 b - a +0 scale mail
 c - a +0 plate armour (worn)
 d - the +0 tower shield of the Morning Star (worn) {rN++}
   (You found it on level 2 of the Dungeon)

   rN:        It greatly protects you from negative energy.
Jewellery
 g - a ring of flight (left hand)
 k - a ring of poison resistance
Scrolls
 e - a scroll of teleportation
 h - 2 scrolls of enchant weapon
 i - a scroll of blinking {unknown}
 o - a scroll of torment {unknown}
 p - a scroll of fog {unknown}
 r - a scroll of fear {unknown}
 t - a scroll of silence {unknown}
Potions
 f - 2 potions of might
 l - a potion of lignification
 m - 3 potions of resistance
 n - 2 potions of mutation
 q - a potion of curing
 s - a potion of attraction {unknown}


   Skills:
 + Level 4.3 Fighting
 + Level 4.2 Long Blades
 + Level 3.7 Armour
 + Level 0.6 Dodging
 + Level 4.2 Shields


You had 5 spell levels left.
You didn't know any spells.
Your spell library contained the following spells:

 Spells                   Type           Power      Damage    Failure   Level
 Beastly Appendage        Tmut           0%         N/A       100%        1
 Magic Dart               Conj           0%         1d3       100%        1
 Ensorcelled Hibernation  Hex/Ice        0%         N/A       100%        2
 Passwall                 Tmut/Erth      0%         N/A       100%        2
 Searing Ray              Conj           0%         2d4       100%        2
 Wereblood                Tmut           0%         N/A       100%        2
 Call Canine Familiar     Summ           0%         N/A       100%        3
 Portal Projectile        Hex/Tloc       0%         N/A       100%        3
 Spider Form              Tmut/Pois      0%         N/A       100%        3
 Swiftness                Air            0%         N/A       100%        3
 Fulminant Prism          Conj/Hex       0%         3d5       100%        4
 Leda's Liquefaction      Hex/Erth       0%         N/A       100%        4


Dungeon Overview and Level Annotations

Branches:
Dungeon (5/15)
 Temple: D:4-7

Altars:
Fedhas
Hepliaklqana
Kikubaaqudgha
Qazlal
Sif Muna

Shops:
D:2 (

Annotations:
D:4 2 runed translucent doors, Blork the orc; Gab125's ghost, amateur MiBe
D:5 Pikel


Innate Abilities, Weirdness & Mutations

You have a pair of small antennae on your head.
You are partially covered in thin metallic scales. (AC +2)
A weak demonic guardian rushes to your aid.
Spells you cast may paralyse adjacent enemies.


Message History

Blork the orc hits you but does no damage. x2
Blork the orc screams, "I'll rip your head off!"
You block Blork the orc's attack.
Blork the orc grins evilly.
Blork the orc points at you and mumbles some strange words.
The puff of frost hits you!
You hit Blork the orc but do no damage.
Blork the orc is lightly wounded.
Blork the orc gestures at you while chanting.
The puff of flame hits you. You block Blork the orc's attack. x2
You hit Blork the orc. You freeze Blork the orc.
Blork the orc is moderately wounded.
You block Blork the orc's attack.
Blork the orc hits you but does no damage.
You hit Blork the orc but do no damage.
Blork the orc is moderately wounded.
You block Blork the orc's attack. x2
You hit Blork the orc. You freeze Blork the orc.
Blork the orc is severely wounded.
You block Blork the orc's attack. x2
Blork the orc hits you with a +0 dire flail.
You hit Blork the orc but do no damage.
Blork the orc is severely wounded.
Blork the orc hits you with a +0 dire flail!
A demonic guardian appears!
You block Blork the orc's attack.
You hit Blork the orc. You freeze Blork the orc.
Blork the orc is severely wounded.
Blork the orc hits you with a +0 dire flail.
* * * LOW HITPOINT WARNING * * *
Blork the orc casts a spell at you. The puff of flame hits you.
* * * LOW HITPOINT WARNING * * *
You hit Blork the orc but do no damage.
Blork the orc is severely wounded.
Blork the orc hits you with a +0 dire flail!
* * * LOW HITPOINT WARNING * * *
You block Blork the orc's attack.
Your iron imp closely misses Blork the orc.
Blork the orc hits you with a +0 dire flail!
You die...

#..~~≈~~..~~~~~≈~≈
#...~≈≈..~~~~~≈~≈~
#.#~..~~..~..~..~#
#.#########...>..#
#># #......# ###.#
#######^.....#
#...###.......P...)#
#.5o....####..P♣...#
#..@##### ##......#
##### ##....##
#...## #####


You could see Blork the orc (fast, ally target) and a friendly iron imp
(summoned).

Vanquished Creatures
  A centaur (D:4)
  2 lemures (D:4)
  A scorpion (D:4)
  A bullfrog (D:3)
  3 hounds (D:4)
  An orc priest (D:3)
  5 adders
  3 worms
  A dart slug (D:1)
  5 orcs (D:3)
  10 ball pythons
  11 endoplasms
  2 giant cockroaches
  11 goblins
  6 hobgoblins
  5 jackals
  8 kobolds
  7 quokkas
  5 bats
  3 frilled lizards
  4 rats
95 creatures vanquished.

Vanquished Creatures (collateral kills)
  A lemure (D:4)
  An adder (D:2)
  A goblin (D:4)
  A rat (D:1)
4 creatures vanquished.

Vanquished Creatures (others)
  A human (D:3)
1 creature vanquished.

Grand Total: 100 creatures vanquished

Notes
Turn   | Place    | Note
-------+----------+-------------------------------------------
     0 | D:1      | Peloso the Demonspawn Fighter began the quest for the Orb.
     0 | D:1      | Reached XP level 1. HP: 18/18 MP: 1/1
   175 | D:1      | Gained mutation: A weak demonic guardian rushes to your
                  | aid. [demonic ancestry]
   175 | D:1      | Reached XP level 2. HP: 24/24 MP: 2/2
   782 | D:2      | Found Joutwadu's Antique Weapon Shoppe.
   875 | D:2      | Gained mutation: You have a pair of small antennae on your
                  | head. [demonic ancestry]
   875 | D:2      | Reached XP level 3. HP: 29/29 MP: 3/3
  1118 | D:2      | Found a shimmering blue altar of Sif Muna.
  1182 | D:2      | Identified the +0 tower shield of the Morning Star {rN++}
  1220 | D:2      | Gained mutation: Spells you cast may paralyse adjacent
                  | enemies. [demonic ancestry]
  1220 | D:2      | Reached XP level 4. HP: 21/35 MP: 4/4
  2401 | D:3      | Noticed a bullfrog
  2427 | D:3      | Killed a bullfrog
  2428 | D:3      | Reached XP level 5. HP: 25/41 MP: 5/5
  3107 | D:3      | Found an ancient bone altar of Kikubaaqudgha.
  3107 | D:3      | Noticed a human
  3110 | D:3      | Killed a human
  3194 | D:4      | Gained mutation: You are partially covered in thin metallic
                  | scales. (AC +2) [demonic ancestry]
  3194 | D:4      | Reached XP level 6. HP: 11/48 MP: 6/6
  3195 | D:4      | HP: 1/48 [goblin/+0 club (2)]
  3414 | D:4      | Found a stormy altar of Qazlal.
  3414 | D:4      | Found a blossoming altar of Fedhas.
  3616 | D:4      | Found a hazy altar of Hepliaklqana.
  3859 | D:4      | Found a large runed translucent door.
  3860 | D:4      | Found a large runed translucent door.
  3865 | D:4      | Noticed Gab125's ghost (amateur MiBe)
  4077 | D:5      | Entered Level 5 of the Dungeon
  4082 | D:5      | Noticed Blork the orc
  4083 | D:5      | Noticed Pikel
  4357 | D:4      | Slain by Blork the orc

Illustrated notes

Levels and vault maps discovered:
D:1:      wander_arrival_abandoned_jail, layout_loops_ring,
          grunt_decor_mini_mirrors
D:2:      kb_forest_paths, layout_basic, basic_altar, serial_shops,
          nicolae_shop_dealshenge
D:3:      layout_loops_corners, tgw_kikubaaqudgha, st_stairs_12,
          dreamdust_princess_bridge
D:4:      layout_rooms, grunt_temple_overflow_forces_of_nature,
          nzn_hepliaklqana_mist_gate, ebering_ghost_disaster_area,
          chequers_serial_rivers_large_a, serial_park_tiny_1,
          corexii_leaking_fountain
D:5:      layout_rooms, led_sif_book, gammafunk_temple_overflow_wave,
          minmay_temple_entry_proselytizer, gammafunk_ghost_grave,
          eino_tiny_chamber, serial_bayou_pond_e, uniq_blork_the_orc, uniq_pikel

Skill      XL: |  1  2  3  4  5  6 |
---------------+-------------------+-----
Armour         | 3 |  3.7
Long Blades    | 2 3 4 |  4.2
Shields        | 3 4 |  4.2
Fighting       | 4 |  4.3
Dodging        | |  0.6

Action                     |  1- 3 |  4- 6 || total
---------------------------+-------+-------++-------
  Melee: Long sword        |   137 |   249 ||   386
    Use: Scroll            |       |    10 ||    10
   Stab: Distracted        |     1 |       ||     1
 Armour: Scale mail        |    35 |       ||    35
         Plate armour      |    37 |   221 ||   258
  Dodge: Dodged            |    45 |    30 ||    75
  Block: Buckler           |    33 |       ||    33
         Tower shield      |     3 |   270 ||   273
